AoeStats
← Emperor_Napoleon

MegaRandom

510547128Analyzed
3v3 RM · 20h ago on Oct 1, 2026· 43m 19s· 6 players
Game mode
Random Map
Map size
Normal (6 player)
Population
200
Speed
Normal
Resources
Standard
Victory
Conquest
Starting age
Dark Age
Ending age
Imperial Age
RankedLock teamsTeams togetherTeam positionsShared explorationLock speedFull tech treeHidden civsTurbo modeCheats
Victory
Defeat
🇨🇳 Gurjaras · China
1954
+13
🇨🇳 Sicilians · China
1767
+21
🇨🇳 Burmese · China
1702
+24
🇨🇳 Inca · China
1891
-20
🇨🇳 Hindustanis · China
1890
-20
🇹🇷 Japanese · Türkiye
1839
-18
大铁牛
7:37 Loom
9:50 Feudal Age
11:18 Double-Bit Axe
13:39 Castle Age
12:44 Fletching
12:46 Gold Mining
14:12 Bloodlines
15:09 Bow Saw
16:51 Husbandry
17:25 Bodkin Arrow
18:43 Town Watch
22:26 Wheelbarrow
22:09 Horse Collar
24:43 Ballistics
24:40 Padded Archer Armor
30:52 Imperial Age
29:45 Elite Skirmisher
31:34 Bracer
32:35 Chemistry
32:04 Parthian Tactics
32:35 Leather Archer Armor
34:07 Ring Archer Armor
35:02 Heavy Cavalry Archer
37:45 Thumb Ring
sadys
10:03 Feudal Age
13:37 Castle Age
11:51 Double-Bit Axe
12:14 Horse Collar
13:49 Light Cavalry
15:11 Bow Saw
16:35 Loom
18:54 Town Watch
19:28 Husbandry
21:54 Scale Barding Armor
23:07 Wheelbarrow
23:49 Forging
24:47 Heavy Plow
25:21 Gold Mining
27:04 Fletching
26:37 Elite Skirmisher
27:53 Bodkin Arrow
29:12 Ballistics
29:35 Padded Archer Armor
39:00 Imperial Age
36:40 Stone Mining
38:02 Pikeman
38:43 Squires
38:49 Scale Mail Armor
40:47 Chain Mail Armor
42:13 Arson
种田小武松
6:05 Loom
9:03 Feudal Age
12:46 Castle Age
11:33 Fletching
12:51 Crossbowman
15:00 Bodkin Arrow
28:48 Scale Mail Armor
28:19 Pikeman
31:34 Horse Collar
31:41 Double-Bit Axe
35:41 Wheelbarrow
41:09 Imperial Age
Emperor_Napoleon
2:17 Loom
9:32 Feudal Age
10:32 Double-Bit Axe
14:16 Castle Age
13:18 Scale Barding Armor
17:48 Light Cavalry
21:46 Stone Mining
27:27 Horse Collar
28:55 Fletching
29:40 Bow Saw
30:51 Scale Mail Armor
32:29 Chain Mail Armor
32:37 Forging
33:07 Bodkin Arrow
34:06 Bloodlines
34:52 Wheelbarrow
34:26 Gold Mining
35:10 Husbandry
36:04 Chain Barding Armor
37:00 Forging
40:33 Heavy Plow
43:45 Imperial Age
42:32 First Crusade
42:29 Squires
42:16 Arson
老愛國
2:24 Loom
9:19 Feudal Age
13:28 Castle Age
11:19 Stone Mining
12:06 Gold Mining
13:57 Padded Archer Armor
15:03 Gold Shaft Mining
19:52 Herbal Medicine
20:59 Husbandry
27:59 Horse Collar
34:09 Imperial Age
31:25 Town Watch
32:21 Scale Barding Armor
32:55 Bloodlines
33:33 Forging
36:11 Chain Barding Armor
38:14 Plate Barding Armor
40:08 Elite Battle Elephant
Safe.
9:31 Feudal Age
10:24 Double-Bit Axe
13:06 Castle Age
10:50 Horse Collar
13:16 Bloodlines
13:57 Scale Barding Armor
13:52 Loom
19:36 Bow Saw
24:00 Wheelbarrow
24:36 Town Watch
25:52 Husbandry
25:49 Gold Mining
26:42 Chain Barding Armor
27:37 Forging
29:01 Hand Cart
29:40 Iron Casting
28:58 Stone Mining
28:59 Light Cavalry
37:47 Imperial Age
36:20 Heavy Plow
36:51 Town Patrol
37:48 Hussar
39:05 Plate Barding Armor
38:52 Conscription
39:22 Kshatriyas
41:51 Crop Rotation
43:11 Fletching
Connection lost

Rejoining the realm…

Still unreachable

The connection could not be restored.

Session expired

The server has moved on; the page needs a fresh start.